 Dungeon Crawl Stone Soup version 0.30-a0-779-g7971cf19c3 (webtiles) character file.

Game seed: 3618349728862152748

2 theswoord the Shooter (level 1, -1/19 HPs)
             Began as a Naga Hunter on Feb 17, 2023.
             Slain by a jackal (3 damage)
             ... on level 1 of the Dungeon.
             The game lasted 00:00:10 (72 turns).

theswoord the Shooter (Naga Hunter)                   Turns: 72, Time: 00:00:11

Health: -1/19      AC:  1    Str: 13    XL:     1   Next: 40%
Magic:  1/1        EV:  9    Int:  9    God:
Gold:   14         SH:  0    Dex: 14    Spells: 0/0 levels left

rFire   . . .      SeeInvis +    a - +0 shortbow
rCold   . . .      Faith    .    (shield currently unavailable)
rNeg    . . .      Spirit   .    c - +0 leather armour
rPois   +          Reflect  .    (no helmet)
rElec   .          Harm     .    (no cloak)
rCorr   .          Rampage  .    (no gloves)
Will    .....                    (no barding)
Stlth   ++                       (no amulet)
HPRegen 0.23/turn                (no ring)
MPRegen 0.07/turn                (no ring)

@: short of breath, very slow
A: AC +0, large, see invisible, deformed body, poison resistance, slowness 2,
spit poison 1, naga tail 1
a: Spit Poison


You were on level 1 of the Dungeon.
You visited 1 branch of the dungeon, and saw 1 of its levels.

You collected 14 gold pieces.

Inventory:

Hand Weapons
 a - a +0 shortbow (weapon)
Armour
 c - a +0 leather armour (worn)
Scrolls
 b - a scroll of immolation
 d - a scroll of enchant armour {unknown}
 e - a scroll of teleportation {unknown}


   Skills:
 - Level 2.0 Fighting
 + Level 3.7 Ranged Weapons
 - Level 1.5 Dodging
 - Level 1.5 Stealth


You couldn't memorise any spells.
You didn't know any spells.
Your spell library was empty.

Dungeon Overview and Level Annotations

Branches:
Dungeon (1/15)

Altars:


Innate Abilities, Weirdness & Mutations

Your serpentine skin is tough. (AC +0)
You have supernaturally acute eyesight. (SInv)
Armour fits poorly on your strangely shaped body.
Your system is resistant to poisons. (rPois)
You cover ground very slowly.
You can spit poison.
You have a snake-like lower body.


Message History

The jackal barks!
You hear a bark!
A giant cockroach comes into view.
The giant cockroach moves out of view.
You shoot an arrow. The arrow hits the jackal.
The jackal bites you. x2
You shoot an arrow. The arrow closely misses the jackal.
The jackal bites you. x2
* * * LOW HITPOINT WARNING * * *
You shoot an arrow. The arrow barely misses the jackal.
The arrow barely misses the giant cockroach.
You hear a bark!
The jackal barely misses you. The jackal closely misses you.
You shoot an arrow. The arrow barely misses the jackal.
The arrow hits the giant cockroach but does no damage.
The jackal bites you.
* * * LOW HITPOINT WARNING * * *
The jackal bites you.
* * * LOW HITPOINT WARNING * * *
You shoot an arrow. The arrow closely misses the jackal.
The arrow hits the giant cockroach.
You kill the giant cockroach!
The jackal bites you.
* * * LOW HITPOINT WARNING * * *
The jackal bites you.
* * * LOW HITPOINT WARNING * * *
You shoot an arrow. The arrow hits the jackal.
You hear a bark!
A jackal comes into view.
The jackal closely misses you.
You shoot an arrow. The arrow barely misses the jackal.
The jackal bites you.
* * * LOW HITPOINT WARNING * * *
You shoot an arrow. The arrow closely misses the jackal. x2
The jackal bites you but does no damage.
The jackal bites you.
* * * LOW HITPOINT WARNING * * *
Okay, then.
You aren't carrying any potions.
Aim: a jackal (43% to hit)
The splash of poison hits the jackal!
You kill the jackal!
You shoot an arrow. The arrow barely misses the jackal.
The jackal bites you.
You die...

###.#
#...#
#.###
#.#
#.#
#.#
#.#
#.#
#@#
#h#
..#
....
#####


You could see a jackal.

Vanquished Creatures
  A giant cockroach (D:1)
  A jackal (D:1)
2 creatures vanquished.

Notes
Turn   | Place    | Note
-------+----------+-------------------------------------------
     0 | D:1      | theswoord the Naga Hunter began the quest for the Orb.
     0 | D:1      | Reached XP level 1. HP: 19/19 MP: 1/1
    72 | D:1      | Slain by a jackal

Action                     || total
---------------------------++-------
   Fire: Shortbow          ||    10
Ability: Spit Poison       ||     1
 Armour: Leather armour    ||     1
  Dodge: Dodged            ||     3

Levels and vault maps discovered:
D:1:      dpeg_arrival_long_road, layout_loops_ring, nrook_campfire,
          minmay_worlds_worst_comb
